 Dungeon Crawl Stone Soup version 0.29.1-12-g30fa7ad0bf (webtiles) character file.

Game seed: 2775345499029697837

28 MisterFreud the Ducker (level 3, 0/25 HPs)
             Began as a Felid Berserker on Jan 13, 2023.
             Was a Follower of Trog.
             Succumbed to an adder's poison
             ... on level 2 of the Dungeon.
             The game lasted 00:01:10 (1425 turns).

MisterFreud the Ducker (Felid Berserker)            Turns: 1425, Time: 00:01:10

Health: 0/25       AC:  1    Str: 13    XL:     3   Next: 0%
Magic:  4/4        EV: 18    Int:  8    God:    Trog [*.....]
Gold:   72         SH:  0    Dex: 17    Spells: 2/2 levels left
                                        Lives:  0   Deaths: 0

rFire   . . .      SeeInvis +     - Unarmed
rCold   . . .      Faith    .   (shield unavailable)
rNeg    . . .      Spirit   .   (body armour unavailable)
rPois   .          Reflect  .   (helmet unavailable)
rElec   .          Harm     .   (cloak unavailable)
rCorr   .          Rampage  .   (gloves unavailable)
Will    .....                   (boots unavailable)
Stlth   ..........              (no amulet)
HPRegen 0.08/turn               (no ring)
MPRegen 0.09/turn               (no ring)

@: berserking (expiring), lethally poisoned (0 -> -1), very quick
A: very small, claws 1, fangs 3, see invisible, speed 1, shaggy fur 1, stealthy
paws, no weapons or thrown items, no armour, multi-lived
a: Renounce Religion, Berserk


You were on level 2 of the Dungeon.
You worshipped Trog.
Trog was aware of your devotion.
You visited 1 branch of the dungeon, and saw 2 of its levels.

You collected 72 gold pieces.

Inventory:

Scrolls
 a - 2 scrolls of identify
 b - a scroll of butterflies {unknown}
Potions
 d - a potion of heal wounds
 e - a potion of ambrosia


   Skills:
 - Level 3.0 Fighting
 - Level 4.0 Dodging
 + Level 2.7 Stealth
 + Level 3.6 Unarmed Combat


You had 2 spell levels left.
You didn't know any spells.
Your spell library was empty.

Dungeon Overview and Level Annotations

Branches:
Dungeon (2/15)

Altars:

Annotations:
D:2 Jessica, Robin


Innate Abilities, Weirdness & Mutations

You have sharp claws.
You have razor-sharp teeth.
You have supernaturally acute eyesight. (SInv)
You cover ground quickly. (Speed+)
You are covered in fur. (AC +1)
Your paws help you pounce on unaware monsters.
You are incapable of wielding weapons or throwing items.
You cannot wear armour.
You gain extra lives every three experience levels.


Message History

You scratch the adder.
The adder is lightly wounded.
The adder closely misses you. The endoplasm freezes you.
You are frozen.
You barely miss the adder.
The adder is lightly wounded.
The adder bites you. The endoplasm closely misses you.
You are too injured to fight recklessly!
A red film seems to cover your vision as you go berserk!
You feel yourself moving faster!
You feel mighty! The adder misses you. The endoplasm completely misses you.
The adder bites you.
You are poisoned.
The adder poisons you!
You claw the adder!
You kill the adder!
Trog accepts your kill.
You feel sick. The endoplasm freezes you.
You are frozen.
* * * LOW HITPOINT WARNING * * *
You see here an adder corpse.
You claw the endoplasm!
You kill the endoplasm!
Trog accepts your kill.
* * * LOW HITPOINT WARNING * * *
You feel sick.
You have reached level 3!
Your experience leads to an increase in your attributes!
Increase (S)trength, (I)ntelligence, or (D)exterity?
You feel agile. x2
Unknown command.
* * * LOW HITPOINT WARNING * * *
You feel sick.
Jessica and a hobgoblin come into view.
You feel a strong urge to attack something.
The hobgoblin shouts!
Jessica drinks a potion.
Jessica's spells are empowered!
The hobgoblin moves out of view.
You die...

#. #.#.### #. #.....## #
# #. ###......# .##.#.#.
#........# ......#.
#........# ........
#.......# ......#.
#.......## ......#.
#..@.....######.# ##
#?#...†.....#.....# ##
....:................#.##
.....#.......###.......##
.... #....#### #....##...
... #....# #....###.. .@
#....# #....# ##. .
###### #....#####
#....#....


You could see Jessica (empowered).

Vanquished Creatures
  An adder (D:2)
  2 endoplasms
  6 goblins
  A quokka (D:1)
  A ball python (D:2)
  5 bats
  A frilled lizard (D:2)
  A kobold (D:2)
  A rat (D:1)
19 creatures vanquished.

Notes
Turn   | Place    | Note
-------+----------+-------------------------------------------
     0 | D:1      | MisterFreud the Felid Berserker began the quest for the
                  | Orb.
     0 | D:1      | Reached XP level 1. HP: 10/10 MP: 2/2
   418 | D:1      | Reached skill level 1 in Stealth
   910 | D:1      | Found a faded altar of an unknown god.
   915 | D:1      | Reached XP level 2. HP: 14/14 MP: 3/3
  1123 | D:2      | Noticed Robin
  1423 | D:2      | Reached XP level 3. HP: 2/17 MP: 4/4
  1423 | D:2      | HP: 1/25 [poisoned by an adder]
  1424 | D:2      | Noticed Jessica
  1425 | D:2      | Succumbed to an adder's poison

Illustrated notes

Levels and vault maps discovered:
D:1:      ncdulo_halloftheorcs, layout_basic, shapermc_ecumenical_altar_pompeii
D:2:      layout_basic, uniq_jessica, uniq_crazy_yiuf_cottage, uniq_robin

Skill      XL: |  1  2 |
---------------+-------+-----
Stealth        | 1 2 |  2.7
Fighting       | |  3.0
Dodging        | |  4.0
Unarmed Combat | |  3.6

Action                   || total
-------------------------++-------
Melee: Unarmed           ||    39
       Bite              ||     2
Invok: Berserk           ||     2
  Use: Scroll            ||     4
 Stab: Sleeping          ||     2
Armor: Skin              ||     3
Dodge: Dodged            ||    36
